 Dungeon Crawl Stone Soup version bcrawl-1.13.2 (webtiles) character file.

Game seed: 17698324873499679339

1067 Felnil the Fighter (level 8, -6/57 HPs)
             Began as a Skeleton Fighter on Aug 10, 2019.
             Was an Initiate of Ashenzari.
             Killed from afar by Thantalas's ghost (7 damage)
             ... with a flame tongue
             ... on level 4 of the Dungeon.
             The game lasted 00:14:57 (5126 turns).

Felnil the Fighter (Skeleton Fighter)               Turns: 5126, Time: 00:14:58

Health: -6/57      AC: 13    Str: 25      XL:     8   Next: 7%
Magic:  0/8        EV:  5    Int:  6 (7)  God:    Ashenzari [......]
Gold:   268        SH: 12    Dex:  7 (8)  Spells: 7/7 levels left

rFire    . . .     SeeInvis .   a - +2 war axe (curse)
rCold    + . .     Gourm    .   c - +0 shield (curse)
rNeg     + + +     Faith    .   h - +2 plate armour (curse)
rPois    ∞         Spirit   +   (no helmet)
rElec    .         Reflect  +   (no cloak)
rCorr    +         Harm     .   (no gloves)
MR       +....                  (no boots)
Stlth    ..........             g - +3 amulet of reflection (curse)
HPRegen  0.19/turn              d - ring of wizardry (curse)
MPRegen  0.11/turn              b - ring of resist corrosion (curse)

@: about to teleport
A: no food or potions, cold resistance 1, deterioration 1, negative energy
resistance 3, powered by death 1, torment resistance, unbreathing, magic shield,
sturdy frame 1, spell healing
a: Curse Item, Renounce Religion


You were on level 4 of the Dungeon.
You worshipped Ashenzari.
Ashenzari was noncommittal.
You were not hungry.

You visited 1 branch of the dungeon, and saw 4 of its levels.
You also visited: Ossuary.

You collected 268 gold pieces.

Inventory:

Hand Weapons
 a - a cursed +2 war axe (weapon)
Armour
 c - a cursed +0 shield (worn)
 h - a cursed +2 plate armour (worn)
Jewellery
 b - a cursed ring of resist corrosion (right hand)
 d - a cursed ring of wizardry (left hand)
 g - a cursed +3 amulet of reflection (around neck)
 q - a cursed ring of protection from magic
Wands
 j - a wand of polymorph (2)
 o - a wand of clouds (3)
Scrolls
 e - 2 scrolls of fog
 f - 3 scrolls of teleportation
 k - 3 scrolls of remove curse


   Skills:
 + Level 9.9 Fighting
 - Level 2.4 Axes
 - Level 3.2 Armour
 - Level 3.6 Shields


You had 7 spell levels left.
You didn't know any spells.
Your spell library was empty.

Dungeon Overview and Level Annotations

Branches:
Dungeon (4/12)
 Temple: D:4-7

Altars:
Ashenzari
Qazlal
Uskayaw

Annotations:
D:4 Thantalas's ghost, novice FrFE


Innate Abilities, Weirdness & Mutations

You do not eat or drink.
You are immune to poison.
Your flesh is cold resistant. (rC+)
Your body sometimes deteriorates upon taking damage.
You are immune to negative energy. (rN+++)
You regenerate a little health from kills.
You are immune to unholy pain and torment.
You can survive without breathing.
When hurt, damage is shared between your health and your magic reserves.
Your movements are slightly less encumbered by armour. (ER -2)
Casting spells heals you.


Message History

The flame tongue hits you!
* * * LOW HITPOINT WARNING * * *
Your body deteriorates!
You feel dopey. You block Thantalas's ghost's attack.
You slash Thantalas's ghost!
Thantalas's ghost is severely damaged.
Thantalas's ghost's inner flame fades away.
Thantalas's ghost hits you but does no damage.
Your plate armour prevents you from hitting Thantalas's ghost.
Thantalas's ghost is severely damaged.
Thantalas's ghost casts a spell at you. The flame tongue hits you!
* * * LOW HITPOINT WARNING * * *
Thantalas's ghost hits you but does no damage.
As you read the scroll of teleportation, it crumbles to dust.
You feel strangely unstable.
Thantalas's ghost hits you but does no damage.
Thantalas's ghost stares at you and mumbles some strange words.
The flame tongue hits you!
You die...

##.#.###.###.#..?.§##
######....#
.....#.....##.≈≈..#.#
#########
.....#.#..###≈.#.⌠.≈#
#..(.....
.....#.##.##....≈≈.####
#.######. .....#.##.#
###''####.# #.#....#.
..####.##.###.........#
#.#....#.
######.##..###..W.....#
#.###..#.
...............#'######
#.#<...#.
.#####.###..####@#
#.###.##. .# #.# ##.# #.#
#......#. ## #.# #.## #.#
######### # #.#
#..###.########## ######+##
##.##...........# ........#
#..#...........# ........#
###.#(......[...#
........###...#...........#
..............##)##########


You could see Thantalas's ghost.

Vanquished Creatures
  Sigmund (D:3)
  A phantom (D:4)
  A bullfrog (D:4)
  3 water moccasin zombies (Ossuary)
  A scorpion (D:4)
  A bullfrog zombie (D:4)
  Crazy Yiuf (D:3)
  A jelly (D:3)
  2 orc wizards (D:4)
  Ijyb (D:3)
  2 worker ants (D:4)
  5 big kobold zombies (Ossuary)
  2 mummies (Ossuary)
  5 adders
  3 oozes
  2 adder zombies (Ossuary)
  3 worms
  16 orcs
  5 bats
  A giant cockroach (D:2)
  4 gnoll zombies (Ossuary)
  4 goblins
  13 hobgoblins
  6 jackals
  10 kobolds
  3 quokkas
  7 frilled lizards
  4 hobgoblin zombies (Ossuary)
  5 kobold zombies (Ossuary)
  5 orc zombies (Ossuary)
  6 rats
  A bush (D:4)
125 creatures vanquished.

Vanquished Creatures (others)
  An orc wizard (D:4)
1 creature vanquished.

Grand Total: 126 creatures vanquished

Notes
Turn   | Place    | Note
-------+----------+-------------------------------------------
     0 | D:1      | Felnil the Skeleton Fighter began the quest for the Orb.
     0 | D:1      | Reached XP level 1. HP: 14/14 MP: 1/1
   399 | D:1      | Reached XP level 2. HP: 19/19 MP: 2/2
   953 | D:2      | Reached skill level 4 in Fighting
  1083 | D:2      | Reached XP level 3. HP: 24/24 MP: 3/3
  1098 | D:2      | Found a shattered altar of Ashenzari.
  1114 | D:2      | Became a worshipper of Ashenzari the Shackled
  1904 | D:3      | Noticed Sigmund
  2066 | D:3      | Reached skill level 5 in Fighting
  2066 | D:3      | Reached XP level 4. HP: 17/31 MP: 4/4
  2406 | D:3      | Noticed Ijyb
  2422 | D:3      | Killed Ijyb
  2453 | D:3      | Found a stormy altar of Qazlal.
  2564 | D:3      | Reached XP level 5. HP: 29/36 MP: 3/5
  2573 | D:3      | Reached skill level 6 in Fighting
  3448 | D:3      | Killed Sigmund
  3448 | D:3      | Reached skill level 7 in Fighting
  3448 | D:3      | Gained mutation: You regenerate a little health from kills.
                  | [Skeleton growth]
  3448 | D:3      | Reached XP level 6. HP: 29/44 MP: 3/6
  3598 | D:3      | Found a runed door.
  3752 | D:3      | Noticed Crazy Yiuf
  3763 | D:3      | Killed Crazy Yiuf
  4109 | D:4      | Found a sand-covered staircase.
  4123 | Ossuary  | Entered an ossuary
  4164 | Ossuary  | Reached skill level 8 in Fighting
  4235 | Ossuary  | Reached XP level 7. HP: 41/49 MP: 7/7
  4444 | D:4      | Reached skill level 9 in Fighting
  4467 | D:4      | Found a large runed translucent door.
  4467 | D:4      | Found a large runed translucent door.
  4468 | D:4      | Noticed Thantalas's ghost (novice FrFE)
  4750 | D:4      | Reached XP level 8. HP: 47/57 MP: 5/8
  4850 | D:4      | Found a hide-covered altar of Uskayaw.
  5124 | D:4      | HP: 1/57 [Thantalas's ghost/flame tongue (4)]
  5126 | D:4      | Killed from afar by Thantalas's ghost

Skill      XL: |  1  2  3  4  5  6  7 |
---------------+----------------------+-----
Fighting       | 4 5 7 8 9 |  9.9
Axes           | |  2.4
Armour         | |  3.2
Shields        | |  3.6

Action                   |  1- 3 |  4- 6 |  7- 9 || total
-------------------------+-------+-------+-------++-------
Melee: War axe           |   185 |   225 |   173 ||   583
Invok: Curse Item        |       |       |     6 ||     6
Evoke: Wand              |       |       |     1 ||     1
  Use: Scroll            |       |       |    10 ||    10
Armor: Scale mail        |    20 |       |       ||    20
       Plate armour      |   114 |   126 |    77 ||   317
Dodge: Dodged            |    44 |    57 |    24 ||   125
Block: Shield            |   117 |   117 |    61 ||   295
       Reflection        |       |       |     3 ||     3
